 Dungeon Crawl Stone Soup version 0.28.0-43-g3370ac3207 (webtiles) character file.

Game seed: 8339117921655916925

1347 Bearnado the Skirmisher (level 8, -5/70 HPs)
             Began as a Minotaur Berserker on Mar 31, 2022.
             Was a Priest of Trog.
             Slain by Prince Ribbit (10 damage)
             ... on level 5 of the Dungeon.
             The game lasted 00:11:13 (4985 turns).

Bearnado the Skirmisher (Minotaur Berserker)        Turns: 4985, Time: 00:11:13

Health: -5/70      AC: 12    Str: 25    XL:     8   Next: 36%
Magic:  7/7        EV: 11    Int:  4    God:    Trog [***...]
Gold:   188        SH:  0    Dex:  9    Spells: 7/7 levels left

rFire   . . .      SeeInvis +   D - +4 quarterstaff (chaos)
rCold   . . .      Faith    .   (shield currently unavailable)
rNeg    . . .      Spirit   .   k - +0 scale mail
rPois   +          Reflect  .   (helmet restricted)
rElec   .          Harm     .   E - +2 cloak {rCorr}
rCorr   +          Rampage  .   G - +0 pair of gloves
Will    ++...                   (no boots)
Stlth   ..........              (no amulet)
HPRegen 1.21/turn               e - ring of poison resistance
MPRegen 0.10/turn               q - ring of see invisible

@: strong-willed, on berserk cooldown, regenerating, hasted and slowed
A: horns 2, retaliatory headbutt
a: Renounce Religion, Berserk, Trog's Hand


You were on level 5 of the Dungeon.
You worshipped Trog.
Trog was most pleased with you.
You visited 1 branch of the dungeon, and saw 5 of its levels.

You collected 188 gold pieces.

Inventory:

Hand Weapons
 a - a +0 hand axe
 h - a +0 trident
 j - a +2 mace of venom
 y - a +0 halberd
 D - a +4 quarterstaff of chaos (weapon)
 H - a +2 whip of electrocution
Missiles
 d - a boomerang
 g - 45 bolts
 m - 11 poisoned darts (quivered)
 o - 48 sling bullets
 B - 30 arrows
 C - 78 stones
Armour
 k - a +0 scale mail (worn)
 E - a +2 cloak of preservation (worn)
 G - a +0 pair of gloves (worn)
Jewellery
 e - a ring of poison resistance (left hand)
 q - a ring of see invisible (right hand)
 x - a ring of protection from fire
Wands
 p - a wand of polymorph (6)
 v - a wand of flame (4)
Scrolls
 b - a scroll of immolation {unknown}
 c - 6 scrolls of identify {unknown}
 f - 2 scrolls of teleportation {unknown}
 i - a scroll of noise {unknown}
 n - 2 scrolls of acquirement {unknown}
 s - 3 scrolls of vulnerability {unknown}
 t - a scroll of amnesia {unknown}
 u - 2 scrolls of enchant weapon {unknown}
 A - a scroll of blinking {unknown}
Potions
 l - 2 potions of haste
 r - 4 potions of heal wounds {unknown}
 w - a potion of flight {unknown}
 z - 2 potions of curing {unknown}
 F - a potion of resistance {unknown}


   Skills:
 + Level 6.3 Fighting
 + Level 5.5(6.8) Axes
 + Level 5.9(7.6) Polearms
 + Level 4.5(5.9) Staves
 + Level 5.7 Armour
 + Level 4.0 Dodging
 + Level 1.0 Stealth


You had 7 spell levels left.
You didn't know any spells.
Your spell library was empty.

Dungeon Overview and Level Annotations

Branches:
Dungeon (5/15)             Temple (0/1) D:4

Altars:
Kikubaaqudgha
Okawaru
Sif Muna
Vehumet
Zin

Annotations:
D:5 Prince Ribbit


Innate Abilities, Weirdness & Mutations

You have a pair of horns on your head.
You reflexively headbutt those who attack you in melee.


Message History

Duvessa is almost dead.
Duvessa hits you with a +0 rapier! Prince Ribbit hits you!
Duvessa hits you with a +0 rapier.
Prince Ribbit hits you but does no damage.
Duvessa barely misses you.
A howler monkey skeleton comes into view.
You closely miss Duvessa.
Duvessa is almost dead.
Prince Ribbit misses you. Duvessa hits you with a +0 rapier!
Prince Ribbit hits you but does no damage.
Duvessa hits you with a +0 rapier.
You hit Duvessa.
Duvessa seems to speed up.
Duvessa is almost dead.
Prince Ribbit blinks!
Duvessa hits you with a +0 rapier. Duvessa barely misses you.
You thump Duvessa!
You kill Duvessa!
Trog accepts your kill.
You feel the effects of Trog's Hand fading.
Prince Ribbit hits you!
* * * LOW HITPOINT WARNING * * *
Prince Ribbit hits you!
* * * LOW HITPOINT WARNING * * *
Prince Ribbit closely misses you. Prince Ribbit hits you.
* * * LOW HITPOINT WARNING * * *
The howler monkey skeleton hits you.
* * * LOW HITPOINT WARNING * * *
Prince Ribbit barely misses you.
Okay, then.
It was a potion of haste.
You feel yourself speed up.
Your skin stops crawling.
You feel less strong-willed.
Prince Ribbit hits you but does no damage.
The howler monkey skeleton misses you.
Prince Ribbit hits you but does no damage.
The howler monkey skeleton closely misses you.
Your skin crawls.
You feel strong-willed. Prince Ribbit hits you!
You die...

#.....#....................#
....##..##...##...........#
#..##..##...##......##..##
###..##...............##..##
......'.......##..###'##...#
.....##+####..##+###..##...#
.##### #..##...#..###### .#
#...#...#..## .#
#..##@.##...# .#
#..##FZ##...# .#
##..##.......# .##
#>...'.......# ..#
#...)#.......# ..#
##..##......## ..# #'#
#.......# ^## ... #..##+#.#
.## ... #..# ##


You could see Prince Ribbit and a howler monkey skeleton.

Vanquished Creatures
  Pikel (D:5)
  Grinder (D:4)
  Eustachio (D:4)
  Duvessa (D:5)
  Dowan (D:5)
  An orc priest (D:4)
  Crazy Yiuf (D:2)
  Terence (D:2)
  3 orc wizards
  8 adders
  10 gnolls
  An adder skeleton (D:3)
  5 dart slugs
  10 orcs
  7 bats
  6 endoplasms
  7 giant cockroaches
  3 goblins
  6 hobgoblins
  13 jackals
  7 kobolds
  A quokka (D:2)
  4 ball pythons
  A quokka skeleton (D:4)
  8 rats
108 creatures vanquished.

Vanquished Creatures (others)
  2 fungi (D:1)
  2 plants (D:1)
4 creatures vanquished.

Grand Total: 112 creatures vanquished

Notes
Turn   | Place    | Note
-------+----------+-------------------------------------------
     0 | D:1      | Bearnado the Minotaur Berserker began the quest for the
                  | Orb.
     0 | D:1      | Reached XP level 1. HP: 19/19 MP: 0/0
   108 | D:1      | Reached XP level 2. HP: 27/27 MP: 1/1
   231 | D:1      | Found a faded altar of an unknown god.
   244 | D:1      | Reached skill level 4 in Fighting
   883 | D:1      | Reached XP level 3. HP: 32/33 MP: 2/2
  1048 | D:2      | Noticed Terence
  1057 | D:2      | Killed Terence
  1317 | D:2      | Reached XP level 4. HP: 33/41 MP: 3/3
  1464 | D:2      | Reached skill level 1 in Polearms
  1558 | D:2      | Found an iron altar of Okawaru.
  1608 | D:2      | You fall into a shaft and drop 2 floors!
  1655 | D:4      | Noticed Grinder
  1662 | D:4      | Killed Grinder
  1663 | D:4      | Reached skill level 5 in Fighting
  1663 | D:4      | Reached skill level 5 in Axes
  1663 | D:4      | Reached XP level 5. HP: 48/48 MP: 4/4
  1663 | D:4      | Reached XP level 6. HP: 56/56 MP: 5/5
  1949 | D:4      | Found a staircase to the Ecumenical Temple.
  1990 | D:4      | Reached ** piety under Trog
  2396 | D:4      | Found a radiant altar of Vehumet.
  2397 | D:4      | Found an ancient bone altar of Kikubaaqudgha.
  2398 | D:4      | Found a shimmering blue altar of Sif Muna.
  4297 | D:2      | Reached *** piety under Trog
  4488 | D:2      | Found a runed translucent door.
  4489 | D:2      | Noticed Crazy Yiuf
  4496 | D:2      | Killed Crazy Yiuf
  4684 | D:5      | Entered Level 5 of the Dungeon
  4703 | D:5      | Noticed Eustachio
  4716 | D:4      | Killed Eustachio
  4717 | D:4      | Reached XP level 7. HP: 62/62 MP: 6/6
  4794 | D:5      | Reached skill level 5 in Polearms
  4887 | D:5      | Found a glowing silver altar of Zin.
  4909 | D:5      | Noticed Pikel
  4918 | D:5      | Killed Pikel
  4919 | D:5      | Reached skill level 6 in Fighting
  4919 | D:5      | Reached skill level 5 in Armour
  4919 | D:5      | Reached skill level 1 in Stealth
  4919 | D:5      | Reached XP level 8. HP: 70/70 MP: 7/7
  4953 | D:5      | Noticed Dowan
  4967 | D:5      | Killed Dowan
  4970 | D:5      | Noticed Duvessa
  4971 | D:5      | Noticed Prince Ribbit
  4980 | D:5      | Killed Duvessa
  4982 | D:5      | HP: 1/70 [howler monkey skeleton (4)]
  4985 | D:5      | Slain by Prince Ribbit

Illustrated notes

Levels and vault maps discovered:
D:1:      mrwooster_arrival_statue_3, layout_loops_corners,
          dreamdust_ecumenical_altar_grove, grunt_decor_one_mirror
D:2:      layout_basic, basic_altar, minmay_3d_cube, uniq_crazy_yiuf_cottage,
          uniq_terence
D:3:      layout_basic, kennysheep_path_1
D:4:      layout_layer_cave, grunt_temple_overflow_magic_moments, temple_pool_b,
          uniq_grinder
D:5:      layout_gridville, lemuel_crystal_altar, kennysheep_small_circle,
          uniq_eustachio, uniq_prince_ribbit1, uniq_pikel, uniq_duvessa

Skill      XL: |  1  2  3  4  5  6  7  8 |
---------------+-------------------------+-----
Axes           | 4 5 |  5.5
Fighting       | 4 5 6 |  6.3
Polearms       | 2 4 5 |  5.9
Armour         | 3 4 5 |  5.7
Dodging        | 3 4 |  4.0
Staves         | 3 4 |  4.5
Stealth        | 1 |  1.0

Action                   |  1- 3 |  4- 6 |  7- 9 || total
-------------------------+-------+-------+-------++-------
Melee: Hand axe          |    46 |       |       ||    46
       Headbutt          |     7 |    19 |     3 ||    29
       Trident           |    18 |    38 |       ||    56
       Punch             |     2 |       |       ||     2
       Halberd           |       |   101 |       ||   101
       Quarterstaff      |       |     5 |    47 ||    52
Invok: Berserk           |     1 |     3 |     3 ||     7
       Trog's Hand       |       |       |     2 ||     2
  Use: Potion            |       |       |     1 ||     1
Armor: Animal skin       |    13 |       |       ||    13
       Scale mail        |       |    38 |    27 ||    65
Dodge: Dodged            |    31 |    60 |    35 ||   126
